 Dungeon Crawl Stone Soup version 0.19.1 (console) character file.

689 Kloppie the Spear-Bearer (level 7, 0/78 HPs)
             Began as a Merfolk Berserker on Dec 17, 2016.
             Was a Priest of Trog.
             Slain by a phantom (1 damage)
             ... on level 5 of the Dungeon.
             The game lasted 00:05:19 (4298 turns).

Kloppie the Spear-Bearer (Merfolk Berserker)        Turns: 4298, Time: 00:05:19

Health: 0/78       AC:  3    Str: 22    XL:     7   Next: 63%
Magic:  7/7        EV: 13    Int: 12    God:    Trog [***...]
Gold:   196        SH:  0    Dex: 15    Spells: 0 memorised, 6 levels left

rFire  . . .     SeeInvis .     a - +0 trident
rCold  . . .     Gourm    .     b - +0 animal skin
rNeg   . . .     Faith    .     (no shield)
rPois  .         Spirit   .     (no helmet)
rElec  .         Reflect  .     (no cloak)
rCorr  .         Harm     .     (no gloves)
MR     .....                    d - +0 pair of boots
Stlth  ..........               (no amulet)
                                (no ring)
                                (no ring)

@: mighty, brilliant, berserking (expiring), lethally poisoned (0 -> 0), very
quick
A: change form in water, swift swim, stealthy swim
a: Berserk, Trog's Hand, Burn Spellbooks, Renounce Religion


You were on level 5 of the Dungeon.
You worshipped Trog.
Trog was most pleased with you.
You were very hungry.

You visited 1 branch of the dungeon, and saw 5 of its levels.

You collected 196 gold pieces.

Inventory:

Hand Weapons
 a - a +0 trident (weapon)
 p - a +0 spear
Armour
 b - a +0 animal skin (worn)
 d - a +0 pair of boots (worn)
Jewellery
 w - an uncursed ring of poison resistance {unknown}
 x - a +1 ring of evasion {unknown}
Wands
 f - a wand of flame (37/48)
Scrolls
 e - a scroll of amnesia {unknown}
 i - 8 scrolls of identify {unknown}
 l - a scroll of remove curse {unknown}
 n - a scroll of random uselessness {unknown}
 r - 3 scrolls of teleportation {unknown}
 s - 4 scrolls of magic mapping {unknown}
 t - 3 scrolls of blinking {unknown}
Potions
 j - a potion of brilliance
 k - a potion of curing
 q - a potion of might
Comestibles
 c - a bread ration
 g - a beef jerky
 h - 2 meat rations
 v - 5 fruits


   Skills:
 - Level 3.2 Fighting
 + Level 12.0 Polearms
 - Level 1.3 Armour
 - Level 2.6 Dodging


You had 6 spell levels left.
You didn't know any spells.

Dungeon Overview and Level Annotations

Branches:
Dungeon (5/15)
 Temple: D:4-7

Altars:
Dithmenos
Elyvilon
Gozag
Ru
Xom
Zin


Message History

You hit the centaur.
You kill the centaur!
Trog accepts your kill.
Your Polearms skill increases to level 12!
The phantom closely misses you.
Items here: ( ) ††† an uncursed shortbow; an arrow; a centaur corpse; a gnoll corpse an adder corpse You puncture the phantom!
The phantom is moderately damaged.
The phantom hits you but does no damage.
You barely miss the phantom.
The phantom is moderately damaged.
You puncture the phantom!
The phantom is heavily damaged.
You barely miss the phantom.
The phantom is heavily damaged.
* * * LOW HITPOINT WARNING * * *
You feel sick. The phantom hits you.
You die...

#...# #.<.##
#....###... ##
####...........
.>.
#..#....####...
(...###.##..#....#
........(..#####.#
..(##.(#### .#
##@# .# #.W# .
.......).....#
##(.$..........
.............##
##......##.###
#......# ..
#.......# ..
..%.....# ...


You could see a phantom.

Vanquished Creatures
  A centaur (D:5)
  A scorpion (D:4)
  A howler monkey (D:4)
  2 jellies (D:2)
  2 orc wizards
  2 orc priests (D:4)
  Ijyb (D:2)
  2 worker ants
  6 gnolls
  9 adders
  An ooze (D:4)
  An adder skeleton (D:3)
  4 worms
  3 dart slugs
  5 leopard geckos
  15 orcs
  3 giant cockroaches
  3 goblins
  9 hobgoblins
  An iguana (D:2)
  12 jackals
  8 kobolds
  A quokka (D:4)
  A ball python (D:4)
  10 bats
  7 frilled lizards
  A quokka skeleton (D:4)
  4 rats
116 creatures vanquished.

Notes
Turn   | Place    | Note
-------+----------+-------------------------------------------
     0 | D:1      | Kloppie the Merfolk Berserker began the quest for the Orb.
     0 | D:1      | Reached XP level 1. HP: 18/18 MP: 1/1
   510 | D:1      | Reached skill level 5 in Polearms
   572 | D:1      | Reached XP level 2. HP: 18/24 MP: 2/2
   933 | D:2      | Found a sacrificial altar of Ru.
  1022 | D:2      | Reached skill level 6 in Polearms
  1022 | D:2      | Reached XP level 3. HP: 22/29 MP: 3/3
  1064 | D:2      | Found a white marble altar of Elyvilon.
  1065 | D:2      | Noticed Ijyb
  1077 | D:2      | Killed Ijyb
  1247 | D:2      | Reached XP level 4. HP: 35/35 MP: 4/4
  1252 | D:2      | Reached skill level 7 in Polearms
  1297 | D:2      | Found a shimmering altar of Xom.
  1529 | D:2      | Reached ** piety under Trog
  1529 | D:2      | Reached skill level 8 in Polearms
  1576 | D:2      | Reached XP level 5. HP: 41/41 MP: 5/5
  2028 | D:2      | Reached skill level 9 in Polearms
  2386 | D:3      | Reached XP level 6. HP: 30/47 MP: 6/6
  2860 | D:3      | Reached skill level 10 in Polearms
  3211 | D:3      | Reached *** piety under Trog
  3508 | D:3      | Found a glowing silver altar of Zin.
  3508 | D:3      | Found an opulent altar of Gozag.
  3625 | D:4      | Reached XP level 7. HP: 29/52 MP: 7/7
  3877 | D:4      | Reached skill level 11 in Polearms
  4040 | D:4      | Found a shadowy altar of Dithmenos.
  4260 | D:5      | Entered Level 5 of the Dungeon
  4282 | D:5      | HP: 2/52 [centaur/arrow (11)]
  4290 | D:5      | HP: 1/78 [poisoned by an adder]
  4293 | D:5      | Reached skill level 12 in Polearms
  4298 | D:5      | HP: 1/78 [poisoned by an adder]
  4298 | D:5      | Slain by a phantom

Skill      XL: |  1  2  3  4  5  6  7 |
---------------+----------------------+-----
Polearms       | 5 6 8 9 10 12 | 12.0
Fighting       | |  3.2
Armour         | |  1.3
Dodging        | |  2.6

Action                   |  1- 3 |  4- 6 |  7- 9 || total
-------------------------+-------+-------+-------++-------
Melee: Spear             |    78 |    94 |       ||   172
       Trident           |       |   164 |    60 ||   224
Invok: Berserk           |     2 |     7 |     2 ||    11
       Trog's Hand       |       |       |     1 ||     1
  Use: Potion            |       |       |     5 ||     5
 Stab: Sleeping          |     2 |     4 |       ||     6
       Distracted        |       |     1 |       ||     1
  Eat: Chunk             |     3 |    13 |     4 ||    20
Armor: Animal skin       |     5 |    34 |    13 ||    52
Dodge: Dodged            |    32 |   111 |    50 ||   193
